[Event "Titled Tuesday Blitz March 15 Early 2022"]
[White "Demin, Vladimir"]
[Black "Prohorov, Olexandr"]
[WhiteFideId "4167457"]
[BlackFideId "14105578"]
[WhiteElo "2496"]
[BlackElo "1993"]
[Result "1-0"]
[Round "08"]
[TimeControl "180+1"]
[Date "2022.03.15"]
[WhiteClock "0:00:35"]
[BlackClock "0:00:10"]

1. e4 c5 2. Nf3 e6 3. c3 Nf6 4. e5 Nd5 5. d4 cxd4 6. Qxd4 Nc6 7. Qe4 f5 8. Qe2 Qc7 9. g3 b5 10. Bg2 Bb7 11. O-O a6 12. Rd1 Be7 13. a4 O-O 14. Nbd2 bxa4 15. Rxa4 a5 16. Nb3 Ba6 17. Qe1 Bb5 18. Ra1 a4 19. Nbd4 Bc4 20. Nxc6 dxc6 21. Nd4 Qc8 22. Bf4 Ra7 23. Qd2 Bc5 24. h4 Rff7 25. h5 Rfb7 26. h6 g6 27. Rdb1 Qd7 28. Bg5 Kf7 29. Nf3 Rb3 30. Qe1 Kg8 31. Nd2 Rab7 32. Nxc4 a3 33. Na5 1-0


[Site "https://www.chess.com"]

[Event "Titled Tuesday Blitz March 15 Early 2022"]
[White "Dreev, Aleksey"]
[Black "Khamzin, Olzhas"]
[WhiteFideId "4100107"]
[BlackFideId "13701690"]
[WhiteElo "2625"]
[BlackElo "2194"]
[Result "1-0"]
[Round "08"]
[TimeControl "180+1"]
[Date "2022.03.15"]
[WhiteClock "0:00:58"]
[BlackClock "0:00:18"]

1. d4 Nf6 2. Nf3 g6 3. g3 Bg7 4. Bg2 O-O 5. O-O d6 6. b3 Nbd7 7. Bb2 c5 8. c4 Rb8 9. Nc3 a6 10. Qd2 b5 11. dxc5 Nxc5 12. Nd4 Bb7 13. Bxb7 Rxb7 14. cxb5 axb5 15. Ndxb5 Nfe4 16. Qe3 Rxb5 17. Nxb5 Bxb2 18. Rab1 Bg7 19. b4 Na4 20. Qxe4 Qd7 21. Qd3 Rb8 22. Nd4 e5 23. Nb3 e4 24. Qd2 h5 25. Nc5 Qa7 26. Nxe4 h4 27. Qxd6 hxg3 28. hxg3 Rb5 29. Qd8+ Kh7 30. Kg2 Qb7 31. f3 Rh5 32. g4 Re5 33. Rh1+ Bh6 34. Rxh6+ Kxh6 35. Qh8# 1-0


[Site "https://www.chess.com"]

[Event "Titled Tuesday Blitz March 15 Early 2022"]
[White "Dubov, Daniil"]
[Black "Bortnyk, Olexandr"]
[WhiteFideId "24126055"]
[BlackFideId "14120828"]
[WhiteElo "2791"]
[BlackElo "2723"]
[Result "1-0"]
[Round "08"]
[TimeControl "180+1"]
[Date "2022.03.15"]
[WhiteClock "0:00:43"]
[BlackClock "0:00:05"]

1. d4 d6 2. e4 Nf6 3. Nc3 e5 4. Nf3 Nbd7 5. h3 c6 6. a4 h6 7. Be3 Be7 8. g4 Qa5 9. Qd2 O-O 10. Rg1 exd4 11. Nxd4 Nc5 12. g5 hxg5 13. Bxg5 Re8 14. Be2 Qb4 15. Rg3 Nfxe4 16. Nxe4 Qxb2 17. Qc3 Qxc3+ 18. Nxc3 Bxg5 19. Rxg5 Bxh3 20. Kd2 g6 21. Rag1 Bd7 22. Bd3 Nxd3 23. cxd3 Kf8 24. Ne4 c5 25. Nb5 Bxb5 26. axb5 Re6 27. f4 Ke7 28. f5 gxf5 29. Rxf5 Rf8 30. Ra1 a6 31. bxa6 bxa6 32. Rxa6 c4 33. Ra7+ Kd8 34. Rb5 Kc8 35. Ra8+ Kc7 36. Rxf8 cxd3 37. Kxd3 f5 38. Rfxf5 1-0


[Site "https://www.chess.com"]

[Event "Titled Tuesday Blitz March 15 Early 2022"]
[White "Esipenko, Andrey"]
[Black "Aravindh, Chithambaram VR."]
[WhiteFideId "24175439"]
[BlackFideId "5072786"]
[WhiteElo "2617"]
[BlackElo "2561"]
[Result "1-0"]
[Round "08"]
[TimeControl "180+1"]
[Date "2022.03.15"]
[WhiteClock "0:00:38"]
[BlackClock "0:00:03"]

1. e4 g6 2. d4 Bg7 3. Nf3 d6 4. Be3 a6 5. c4 Nf6 6. Nc3 O-O 7. Be2 Nc6 8. d5 Nb8 9. O-O Nbd7 10. h3 c5 11. Qd2 b5 12. cxb5 axb5 13. Bxb5 Ba6 14. a4 Nb6 15. Bh6 Qc7 16. Bxg7 Kxg7 17. Rfe1 Nfd7 18. b3 Nf6 19. Qc2 Nbd7 20. Nd2 Rfb8 21. Nc4 Bxb5 22. axb5 Ne5 23. Nxe5 dxe5 24. Ra4 Ne8 25. Rea1 Rxa4 26. bxa4 Qa5 27. f4 exf4 28. e5 Qb4 29. Rd1 f6 30. d6 exd6 31. Nd5 Qa5 32. exf6+ Nxf6 33. Qb2 Rf8 34. Nxf4 Kg8 35. Ne6 Qxa4 36. Rf1 Rf7 37. Rxf6 Qd1+ 38. Kh2 Qd5 39. Rxf7 Kxf7 40. b6 1-0


[Site "https://www.chess.com"]

[Event "Titled Tuesday Blitz March 15 Early 2022"]
[White "Fathy, Elameir"]
[Black "Royal, Shreyas"]
[WhiteFideId "10600396"]
[BlackFideId "448869"]
[WhiteElo "2311"]
[BlackElo "1986"]
[Result "1-0"]
[Round "08"]
[TimeControl "180+1"]
[Date "2022.03.15"]
[WhiteClock "0:00:04"]
[BlackClock "0:00:23"]

1. d4 Nf6 2. c4 e6 3. Nf3 d5 4. g3 Bb4+ 5. Bd2 Be7 6. Bg2 O-O 7. O-O c6 8. Qc2 Nbd7 9. Rd1 b6 10. b3 Ba6 11. a4 Rc8 12. a5 c5 13. axb6 Qxb6 14. Ba5 Qb8 15. Bc3 Bb7 16. e3 dxc4 17. bxc4 cxd4 18. Bxd4 Be4 19. Qe2 Nb6 20. Nbd2 Bb7 21. Rdb1 Ne4 22. Bxb6 axb6 23. Rxb6 Bf6 24. Nd4 Nc3 25. Qd3 Bxd4 26. Rxb7 Qe5 27. exd4 Ne2+ 28. Kh1 Nxd4 29. Rf1 Rfd8 30. Nf3 Qf6 31. Nxd4 Rxd4 32. Qf3 Qg6 33. c5 h5 34. h4 Rxc5 35. Rb8+ Kh7 36. Rb3 Rf5 37. Qe3 Qf6 38. Be4 g6 39. Bxf5 gxf5 40. Rd3 Re4 41. Qg5 Qe5 42. Qxh5+ Kg7 43. Qg5+ Kh7 44. Rd7 Rg4 45. Rxf7+ Qg7 46. Rxg7+ Kh8 47. Qh6# 1-0


[Site "https://www.chess.com"]

[Event "Titled Tuesday Blitz March 15 Early 2022"]
[White "Flis, Pawel"]
[Black "Goriatchkin, Jouri"]
[WhiteFideId "1112864"]
[BlackFideId "4120183"]
[WhiteElo "1735"]
[BlackElo "1006"]
[Result "0-1"]
[Round "08"]
[TimeControl "180+1"]
[Date "2022.03.15"]
[WhiteClock "0:00:30"]
[BlackClock "0:00:27"]

1. e4 c6 2. d4 d5 3. exd5 cxd5 4. c4 Nf6 5. Nc3 Nc6 6. Nf3 e6 7. Bd3 dxc4 8. Bxc4 Be7 9. O-O O-O 10. Bg5 a6 11. a4 Nb4 12. Re1 b6 13. Qb3 a5 14. Nb5 Bb7 15. Ne5 Nfd5 16. Bxe7 Qxe7 17. Rad1 Qg5 18. Qg3 Qxg3 19. hxg3 Rfd8 20. f4 Rac8 21. Rc1 Ne7 22. Bf1 Nf5 23. Rxc8 Bxc8 24. Nf3 Nxg3 25. Rc1 Nxf1 26. Kxf1 Bb7 27. Ne5 f6 28. Nf3 Bxf3 29. gxf3 Nd3 30. Rc6 Nxb2 31. Rxe6 Nxa4 32. Re7 Kf8 33. Rb7 Rd5 34. Nc7 Rd7 35. Ne6+ Ke7 36. Rxd7+ Kxd7 37. Nxg7 b5 38. Nf5 b4 39. Ne3 b3 40. Nc4 b2 41. Nxb2 Nxb2 42. Ke2 a4 43. Kd2 Nc4+ 44. Kc3 Nb6 45. Kb4 h5 46. Kb5 h4 47. Kxb6 a3 48. Kc5 a2 49. d5 a1=Q 50. d6 Qc3+ 51. Kd5 Qxf3+ 52. Kc5 Qxf4 53. Kb5 Qxd6 54. Kc4 h3 55. Kc3 h2 56. Kc2 h1=Q 57. Kb2 Qg2+ 58. Kc3 Qf3+ 59. Kc4 Qe4+ 60. Kc3 Qed3+ 61. Kb2 Qb6+ 62. Ka1 Qbb1# 0-1


[Site "https://www.chess.com"]

[Event "Titled Tuesday Blitz March 15 Early 2022"]
[White "Foisor, Sabina-Francesca"]
[Black "Vokarev, Sergey"]
[WhiteFideId "1212915"]
[BlackFideId "4119711"]
[WhiteElo "2243"]
[BlackElo "2398"]
[Result "1/2-1/2"]
[Round "08"]
[TimeControl "180+1"]
[Date "2022.03.15"]
[WhiteClock "0:00:21"]
[BlackClock "0:00:10"]

1. d4 d5 2. c4 dxc4 3. e3 e5 4. Bxc4 exd4 5. exd4 Bd6 6. Nf3 Nf6 7. O-O O-O 8. Bg5 h6 9. Bh4 Bg4 10. Qd3 Nc6 11. a3 Bxf3 12. Qxf3 Nxd4 13. Qxb7 Nf5 14. Bg3 Nxg3 15. hxg3 Bc5 16. Nc3 Rb8 17. Qc6 Qd4 18. b3 Rb6 19. Qf3 Qg4 20. Rad1 Qxf3 21. gxf3 Bxa3 22. Nd5 Nxd5 23. Rxd5 Bd6 24. Ra1 Ra8 25. Rf5 Rf8 26. Rxa7 g6 27. Rfa5 Kg7 28. Ra8 Rxa8 29. Rxa8 Bc5 30. Rc8 Rb7 31. Rd8 c6 32. Rc8 Rd7 33. Rxc6 Ba7 34. Ra6 Bc5 35. Ra2 Bb4 36. Kg2 h5 37. f4 f5 38. Kf3 Rd2 39. Rxd2 Bxd2 40. Ke2 Bb4 41. f3 Kf6 42. Kf2 g5 43. fxg5+ Kxg5 44. f4+ Kg6 45. Kg2 Kh6 46. Be6 Kg6 47. Kf3 Bc5 48. Bd7 Bb4 49. Be8+ Kh6 50. Ke3 Be1 51. Kf3 Bb4 52. Bd7 Kg6 53. Be8+ Kh6 1/2-1/2


[Site "https://www.chess.com"]

[Event "Titled Tuesday Blitz March 15 Early 2022"]
[White "Gareyev, Timur"]
[Black "Jaferian, Koosha"]
[WhiteFideId "14200937"]
[BlackFideId "12507440"]
[WhiteElo "2582"]
[BlackElo "2030"]
[Result "1-0"]
[Round "08"]
[TimeControl "180+1"]
[Date "2022.03.15"]
[WhiteClock "0:00:41"]
[BlackClock "0:00:06"]

1. e4 c6 2. d4 d5 3. f3 dxe4 4. fxe4 e5 5. Nf3 Bg4 6. Bc4 Nd7 7. O-O Ngf6 8. c3 Bh5 9. Qe1 Bd6 10. Nbd2 Bg6 11. Bb3 Qc7 12. Nc4 O-O 13. Nh4 b5 14. Nxd6 Qxd6 15. Nxg6 hxg6 16. Bg5 exd4 17. Rd1 Qe5 18. Bf4 Qxe4 19. Qxe4 Nxe4 20. Rxd4 Ndf6 21. h4 Rad8 22. Rfd1 Rxd4 23. Rxd4 a5 24. a4 c5 25. Rxe4 Nxe4 26. axb5 Rd8 27. Bc7 Rd7 28. b6 Nd6 29. Ba4 Rxc7 30. bxc7 Nc8 31. Bd7 Nb6 32. g4 Kf8 33. Kf2 Ke7 34. c8=N+ Nxc8 35. Bxc8 Kd6 36. Ke3 Ke5 37. Ba6 f5 38. g5 Kd5 39. Kf4 a4 40. Bb5 1-0


[Site "https://www.chess.com"]

[Event "Titled Tuesday Blitz March 15 Early 2022"]
[White "Gontcharov, Vladislav"]
[Black "Brunner, Nicolas"]
[WhiteFideId "4123492"]
[BlackFideId "620246"]
[WhiteElo "2503"]
[BlackElo "2372"]
[Result "1-0"]
[Round "08"]
[TimeControl "180+1"]
[Date "2022.03.15"]
[WhiteClock "0:00:30"]
[BlackClock "0:00:02"]

1. e4 e5 2. Nf3 Nc6 3. Bb5 a6 4. Ba4 Nf6 5. d3 d6 6. c3 g6 7. O-O Bg7 8. h3 O-O 9. Re1 b5 10. Bb3 Na5 11. Bc2 c5 12. a4 Bb7 13. Bg5 h6 14. Be3 Nc6 15. Nbd2 Re8 16. Bb3 Qd7 17. Qc1 Kh7 18. Nf1 Rac8 19. axb5 axb5 20. Bd5 Nxd5 21. exd5 Ne7 22. c4 Ra8 23. N3d2 Nf5 24. cxb5 Qxb5 25. Nc4 Rxa1 26. Qxa1 Ra8 27. Qc1 Bxd5 28. g4 Nxe3 29. Nfxe3 Bf3 30. Nxd6 Qxd3 31. Qxc5 Bf8 32. Nec4 Rd8 33. Nxe5 Qd2 34. Nxf3 Qxd6 35. Qc4 Qf6 36. Kg2 Bg7 37. b3 Rb8 38. Re4 Rb7 39. Rf4 Qc3 40. Qxc3 Bxc3 41. Re4 Rxb3 42. Re3 Ra3 43. Ne5 Kg7 44. Nc4 Rb3 45. Rd3 h5 46. g5 Rb5 47. Rxc3 Rxg5+ 48. Kf3 Rc5 49. Rc2 Rc8 50. Ne3 Re8 51. Rc7 Kf6 52. h4 Rd8 53. Ke4 Re8+ 54. Kf4 Rd8 55. Rc4 Rd7 56. Rc6+ Kg7 57. Ke4 Re7+ 58. Kf3 Rd7 59. Ng2 Rd4 60. Nf4 Ra4 61. Rc7 Ra3+ 62. Kg2 Ra4 63. Kg3 Ra3+ 64. f3 Ra4 65. Ne6+ Kg8 66. Ng5 f6 67. Ne4 Ra6 68. Rd7 1-0


[Site "https://www.chess.com"]

[Event "Titled Tuesday Blitz March 15 Early 2022"]
[White "Goryachkina, Aleksandra"]
[Black "Bettalli, Francesco"]
[WhiteFideId "4147103"]
[BlackFideId "2816453"]
[WhiteElo "2596"]
[BlackElo "2468"]
[Result "1/2-1/2"]
[Round "08"]
[TimeControl "180+1"]
[Date "2022.03.15"]
[WhiteClock "0:00:03"]
[BlackClock "0:00:20"]

1. e4 e5 2. Nf3 Nf6 3. Nxe5 Nxe4 4. Qe2 Qe7 5. Qxe4 d6 6. d4 dxe5 7. dxe5 Nc6 8. Nc3 Qxe5 9. Qxe5+ Nxe5 10. Bf4 f6 11. O-O-O Bd7 12. Bxe5 fxe5 13. Bb5 O-O-O 14. Bxd7+ Rxd7 15. Rhe1 Bd6 16. Ne4 Rf8 17. Rd3 Kd8 18. Red1 Ke7 19. Nc5 Rxf2 20. Nxd7 Kxd7 21. R3d2 Rf6 22. Re2 Ke6 23. c3 Rf4 24. Kc2 e4 25. Rd4 Ke5 26. b4 c6 27. a4 Bc7 28. a5 Bd6 29. g3 Rg4 30. Re3 c5 31. Rc4 Kd5 32. Kb3 b5 33. axb6 axb6 34. b5 h5 35. Ra4 h4 36. Ra2 hxg3 37. hxg3 c4+ 38. Ka4 Rxg3 39. Rd2+ Kc5 40. Rxe4 Rxc3 41. Red4 Rd3 42. R4xd3 cxd3 43. Rxd3 Be5 44. Rd8 Bd4 45. Rg8 Kc4 46. Rc8+ Bc5 47. Rg8 Bd4 48. Rc8+ Kd5 49. Kb3 g5 50. Rg8 Be3 51. Kc3 Kc5 52. Kd3 Bf4 53. Ke4 Kxb5 54. Rd8 Kc4 55. Rc8+ Kb4 56. Kd4 b5 57. Rc6 Kb3 58. Rb6 b4 59. Kd3 Ka3 60. Ra6+ Kb3 61. Rb6 Be5 62. Re6 Bf4 63. Rb6 1/2-1/2


[Site "https://www.chess.com"]

[Event "Titled Tuesday Blitz March 15 Early 2022"]
[White "Gulecyuz, Deniz"]
[Black "Tsatsalashvili, Keti"]
[WhiteFideId "30921341"]
[BlackFideId "13603434"]
[WhiteElo "1923"]
[BlackElo "2246"]
[Result "1/2-1/2"]
[Round "08"]
[TimeControl "180+1"]
[Date "2022.03.15"]
[WhiteClock "0:00:06"]
[BlackClock "0:00:09"]

1. Nf3 d5 2. g3 Nf6 3. Bg2 c5 4. c4 d4 5. d3 Nc6 6. O-O e5 7. e3 Bd6 8. exd4 cxd4 9. Re1 O-O 10. a3 a5 11. c5 Bc7 12. Nbd2 h6 13. Nc4 Re8 14. Bd2 a4 15. b4 axb3 16. Qxb3 Nd7 17. Bb4 Kh7 18. Nd6 Nxc5 19. Bxc5 Bxd6 20. Bxd6 Qxd6 21. Qxf7 Re7 22. Qf8 Rb8 23. Nh4 g6 24. Rac1 Re6 25. Qf7+ Kh8 26. Be4 Ne7 27. Qf8+ Kh7 28. Qf7+ Kh8 29. Qf8+ Kh7 30. Qf7+ Kh8 1/2-1/2


[Site "https://www.chess.com"]

[Event "Titled Tuesday Blitz March 15 Early 2022"]
[White "Guseva, Marina"]
[Black "Postny, Evgeny"]
[WhiteFideId "4149351"]
[BlackFideId "2804344"]
[WhiteElo "2160"]
[BlackElo "2483"]
[Result "0-1"]
[Round "08"]
[TimeControl "180+1"]
[Date "2022.03.15"]
[WhiteClock "0:00:01"]
[BlackClock "0:00:04"]

1. d4 Nf6 2. Nf3 c5 3. d5 g6 4. c4 Bg7 5. Nc3 d6 6. e4 Bg4 7. Qa4+ Bd7 8. Qc2 Bg4 9. Qa4+ Bd7 10. Qc2 O-O 11. h3 Na6 12. Be2 Nc7 13. O-O Rb8 14. a4 Na6 15. Bf4 Nb4 16. Qd2 Bc8 17. e5 Ne8 18. Rfe1 Bf5 19. Rac1 dxe5 20. Nxe5 Nd6 21. g4 Bc8 22. b3 Re8 23. Bf3 a6 24. Qe3 b6 25. Ne4 a5 26. Bg2 f5 27. Ng5 fxg4 28. hxg4 Rb7 29. Ne6 Bxe6 30. dxe6 Ra7 31. Bh6 Rf8 32. Bxg7 Kxg7 33. Bd5 Rf6 34. Kg2 h6 35. Rh1 g5 36. Rcf1 Nxd5 37. cxd5 Qa8 38. Qd3 Rc7 39. Kg3 Qe8 40. f4 gxf4+ 41. Rxf4 c4 42. bxc4 Rxf4 43. Kxf4 Qf8+ 44. Kg3 Qf6 45. Nf3 Nxc4 46. g5 Qg6 47. Qxg6+ Kxg6 48. Rxh6+ Kg7 49. Nd4 Ne3 50. Kf3 Nxd5 51. Nf5+ Kg8 52. g6 Nf6 53. g7 Nh7 0-1


[Site "https://www.chess.com"]

[Event "Titled Tuesday Blitz March 15 Early 2022"]
[White "Hambleton, Aman"]
[Black "Dushyant Sharma"]
[WhiteFideId "2606577"]
[BlackFideId "25065130"]
[WhiteElo "2552"]
[BlackElo "2105"]
[Result "1-0"]
[Round "08"]
[TimeControl "180+1"]
[Date "2022.03.15"]
[WhiteClock "0:00:05"]
[BlackClock "0:00:14"]

1. d4 d5 2. Bf4 e6 3. e3 f5 4. Nf3 Nf6 5. Nbd2 Bd6 6. Bd3 O-O 7. O-O c5 8. dxc5 Bxc5 9. c4 Nc6 10. Rc1 d4 11. Nb3 b6 12. exd4 Nxd4 13. Nfxd4 Bxd4 14. Qf3 Ba6 15. Rcd1 e5 16. Nxd4 Qxd4 17. Be3 Qh4 18. Bxf5 Bxc4 19. Rfe1 Rad8 20. b3 Bd5 21. Qh3 Qxh3 22. Bxh3 Rfe8 23. Bc1 e4 24. Bb2 Bc6 25. Rxd8 Rxd8 26. Be6+ Kf8 27. Ba3+ Ke8 28. Bb4 a5 29. Bc3 Rd3 30. Bxf6 gxf6 31. Bf5 Rd2 32. Bxh7 Kf7 33. h4 Rxa2 34. Bxe4 Bxe4 35. Rxe4 Rb2 36. Re3 b5 37. g4 Kg6 38. Kg2 Ra2 39. Kg3 a4 40. bxa4 bxa4 41. Re4 a3 42. Ra4 Ra1 43. Kf4 Kf7 44. Kf5 Rf1 45. f4 Ra1 46. Ra7+ Ke8 47. Kxf6 a2 48. Kg5 Kf8 49. h5 Ke8 50. h6 Kf8 51. f5 Kg8 52. Kg6 Kf8 53. g5 1-0


[Site "https://www.chess.com"]

[Event "Titled Tuesday Blitz March 15 Early 2022"]
[White "Harikrishna, Pentala"]
[Black "Fernandez Guillen, Ernesto J."]
[WhiteFideId "5007003"]
[BlackFideId "3512428"]
[WhiteElo "2574"]
[BlackElo "2380"]
[Result "1-0"]
[Round "08"]
[TimeControl "180+1"]
[Date "2022.03.15"]
[WhiteClock "0:00:50"]
[BlackClock "0:00:10"]

1. c4 Nf6 2. Nf3 g6 3. Nc3 d5 4. cxd5 Nxd5 5. Qa4+ c6 6. Qd4 Nf6 7. Qxd8+ Kxd8 8. d4 Bg7 9. e4 Ke8 10. Bc4 b6 11. O-O Bb7 12. Bf4 Nfd7 13. Rad1 Ba6 14. Bxa6 Nxa6 15. Rfe1 h6 16. d5 c5 17. e5 g5 18. Bg3 Rd8 19. Nb5 Kf8 20. a3 f5 21. exf6 Bxf6 22. Rd2 Kf7 23. Nxa7 g4 24. Nh4 Bxh4 25. Bxh4 Nf6 26. Nc6 Rd7 27. Ne5+ Ke8 28. Bxf6 exf6 29. Ng6+ Kf7 30. Nxh8+ Kg7 31. d6 1-0


[Site "https://www.chess.com"]

[Event "Titled Tuesday Blitz March 15 Early 2022"]
[White "Hernandez Jimenez, Alexander Andres"]
[Black "Zheenbekov, Nurgazy"]
[WhiteFideId "3900452"]
[BlackFideId "13800485"]
[WhiteElo "2082"]
[BlackElo "1959"]
[Result "0-1"]
[Round "08"]
[TimeControl "180+1"]
[Date "2022.03.15"]
[WhiteClock "0:01:53"]
[BlackClock "0:02:04"]

1. e4 e5 2. Nf3 Nc6 3. Bc4 Nf6 4. d3 Be7 5. O-O O-O 6. c3 d5 7. exd5 Nxd5 8. Nbd2 a6 9. Re1 Nf4 10. Ne4 Ng6 11. h3 h6 12. Bb3 Kh8 13. d4 f5 14. Nc5 Bxc5 15. dxc5 e4 16. Nd4 Nce5 17. Ne6 Bxe6 18. Bxe6 Nd3 19. Rf1 Nxc5 20. Bc4 Qf6 21. Be3 Rad8 22. Bd4 Qg5 23. Qe2 Nf4 0-1


[Site "https://www.chess.com"]

[Event "Titled Tuesday Blitz March 15 Early 2022"]
[White "Hess, Robert"]
[Black "Atakhan, Abtin"]
[WhiteFideId "2022036"]
[BlackFideId "22502203"]
[WhiteElo "2557"]
[BlackElo "2119"]
[Result "1-0"]
[Round "08"]
[TimeControl "180+1"]
[Date "2022.03.15"]
[WhiteClock "0:00:50"]
[BlackClock "0:00:25"]

1. b3 Nf6 2. Bb2 e6 3. e3 g6 4. d3 Bg7 5. Nd2 d5 6. h3 b6 7. Ne2 Bb7 8. a3 Nbd7 9. g4 O-O 10. Bg2 Qe7 11. Ng3 c5 12. Qe2 Rad8 13. h4 e5 14. h5 Qe6 15. Bh3 Qd6 16. O-O-O Ne8 17. Bg2 Nc7 18. Rh2 f5 19. hxg6 hxg6 20. gxf5 gxf5 21. Rg1 Qg6 22. Nh5 Ne6 23. Nf3 Kf7 24. Bh1 1-0


[Site "https://www.chess.com"]

[Event "Titled Tuesday Blitz March 15 Early 2022"]
[White "Horcajuelo Rocamora, Martin"]
[Black "Nenezic, Marko"]
[WhiteFideId "24573027"]
[BlackFideId "912123"]
[WhiteElo "1706"]
[BlackElo "2457"]
[Result "0-1"]
[Round "08"]
[TimeControl "180+1"]
[Date "2022.03.15"]
[WhiteClock "0:02:16"]
[BlackClock "0:02:00"]

1. e4 c5 2. Nf3 Nc6 3. d4 cxd4 4. Nxd4 Nf6 5. Nc3 e5 6. Ndb5 d6 7. Bg5 a6 8. Na3 b5 9. Nd5 Be7 10. Bxf6 Bxf6 11. c3 Ne7 12. Nc2 Bg5 13. h4 Bh6 14. Ncb4 O-O 15. g4 Bf4 16. Qf3 Bb7 17. Nxf4 exf4 18. Qxf4 a5 19. Nc2 Ng6 20. Qd2 Bxe4 21. Rh2 Bxc2 22. Qxc2 Re8+ 23. Be2 Nf4 24. f3 Nxe2 25. Rxe2 Qxh4+ 26. Kd1 Qh1+ 0-1


[Site "https://www.chess.com"]

[Event "Titled Tuesday Blitz March 15 Early 2022"]
[White "Ilyasli, Ughur"]
[Black "Tanenbaum, Zachary"]
[WhiteFideId "13416197"]
[BlackFideId "2060850"]
[WhiteElo "2045"]
[BlackElo "2168"]
[Result "0-1"]
[Round "08"]
[TimeControl "180+1"]
[Date "2022.03.15"]
[WhiteClock "0:00:01"]
[BlackClock "0:00:03"]

1. d4 d5 2. c4 Bf5 3. Nc3 e6 4. Nf3 c6 5. e3 Nd7 6. Qb3 Qb6 7. c5 Qc7 8. Nh4 Be4 9. f3 Bg6 10. Nxg6 hxg6 11. g3 e5 12. Bg2 exd4 13. exd4 Rxh2 14. Bf4 Rxh1+ 15. Bxh1 Qc8 16. Kf2 Be7 17. Re1 Kf8 18. Bg2 b6 19. Bh3 bxc5 20. dxc5 Bxc5+ 21. Kg2 Ngf6 22. Qc2 Kg8 23. Na4 Bb4 24. Re2 Qa6 25. a3 Bf8 26. b4 d4 27. Rd2 Re8 28. Kf2 c5 29. Bf1 Qe6 30. Nxc5 Qe1+ 31. Kg2 Nxc5 32. bxc5 Nd5 33. c6 Nxf4+ 34. gxf4 Bd6 35. Re2 Rxe2+ 36. Qxe2 Qh4 37. Qe8+ Kh7 38. Qxf7 Bxf4 0-1


[Site "https://www.chess.com"]

[Event "Titled Tuesday Blitz March 15 Early 2022"]
[White "Iskusnyh, Sergei"]
[Black "Fiorito, Fabian"]
[WhiteFideId "4120027"]
[BlackFideId "100200"]
[WhiteElo "2492"]
[BlackElo "2395"]
[Result "1/2-1/2"]
[Round "08"]
[TimeControl "180+1"]
[Date "2022.03.15"]
[WhiteClock "0:00:52"]
[BlackClock "0:00:15"]

1. e4 c6 2. d4 d5 3. e5 Bf5 4. Nf3 e6 5. Be2 c5 6. O-O Nc6 7. c3 cxd4 8. Nxd4 Nxd4 9. cxd4 h6 10. Bb5+ Ke7 11. b3 f6 12. Qh5 g6 13. Qh4 Kf7 14. exf6 Nxf6 15. Nd2 Ne4 16. Qf4 Bd6 17. Qe3 Nxd2 18. Bxd2 Rc8 19. h3 Qh4 20. Rfe1 a6 21. Bd3 Rhe8 22. Bxf5 exf5 23. Qxh6 Qxh6 24. Bxh6 Re4 25. Rxe4 dxe4 26. Rc1 Rxc1+ 27. Bxc1 Ke6 28. Kf1 Kd5 29. Bb2 Be7 30. g3 Bf6 31. Ke2 Bxd4 32. Bxd4 Kxd4 33. Kd2 b5 34. a3 a5 35. h4 a4 36. b4 Kc4 37. Kc2 Kd4 38. Kd2 Kc4 39. Kc2 Kd4 40. Kd2 1/2-1/2


[Site "https://www.chess.com"]

[Event "Titled Tuesday Blitz March 15 Early 2022"]
[White "Ismayil, Malak"]
[Black "Secer, Ata"]
[WhiteFideId "13412604"]
[BlackFideId "6303293"]
[WhiteElo "2446"]
[BlackElo "2575"]
[Result "1/2-1/2"]
[Round "08"]
[TimeControl "180+1"]
[Date "2022.03.15"]
[WhiteClock "0:00:04"]
[BlackClock "0:00:04"]

1. e4 c5 2. Nf3 e6 3. Nc3 Nc6 4. Be2 a6 5. O-O b5 6. d3 Nf6 7. Bg5 Be7 8. a3 O-O 9. Re1 d5 10. Bf1 Bb7 11. exd5 Nxd5 12. Bxe7 Ncxe7 13. Ne4 Rc8 14. Ng3 Nc6 15. Qd2 Nd4 16. Ne5 Nb6 17. Ng4 Re8 18. Rad1 f6 19. c3 Nc6 20. Nh5 e5 21. Nxg7 Kxg7 22. Qh6+ Kh8 23. Qxf6+ Qxf6 24. Nxf6 Re7 25. Ne4 Na5 26. Nd6 Rd8 27. Nf5 Ree8 28. Re3 e4 29. Rde1 Rf8 30. dxe4 Bxe4 31. Ng3 Bg6 32. h4 Nac4 33. Re6 Bf7 34. Re7 Nxb2 35. Nf5 Bg6 36. Nh6 Nd5 37. Ra7 Nd3 38. Bxd3 Bxd3 39. Ng4 h5 40. Ne5 Ra8 41. Rxa8 Rxa8 42. Nxd3 Nxc3 43. Nxc5 a5 44. Re5 b4 45. axb4 axb4 46. Rxh5+ Kg8 47. Re5 Ra5 48. Rg5+ Kf7 49. Nb3 Ra3 50. Nd4 Ra1+ 51. Kh2 Rd1 52. Nb3 Rb1 53. Nc5 Rc1 54. Nd3 Rb1 55. Nxb4 Rxb4 56. Rf5+ Kg6 57. Rf3 Ne4 58. g3 Nf6 59. Kg2 Rb2 60. Ra3 Rc2 61. Ra6 Kg7 62. Ra7+ Kg6 63. Ra6 Kg7 64. Ra7+ Kg6 65. Ra6 1/2-1/2


[Site "https://www.chess.com"]

[Event "Titled Tuesday Blitz March 15 Early 2022"]
[White "Istvanovszki, Martin"]
[Black "Wong, Yinn Long"]
[WhiteFideId "726958"]
[BlackFideId "5707684"]
[WhiteElo "2345"]
[BlackElo "2055"]
[Result "0-1"]
[Round "08"]
[TimeControl "180+1"]
[Date "2022.03.15"]
[WhiteClock "0:00:33"]
[BlackClock "0:00:37"]

1. e4 c5 2. Nc3 g6 3. Bc4 Bg7 4. Qf3 e6 5. Nb5 d6 6. Qg3 Bf8 7. a4 a6 8. Nc3 Bg7 9. d3 Nc6 10. Nge2 Nge7 11. O-O O-O 12. Bb3 d5 13. Bg5 f6 14. Bf4 Kh8 15. Bd2 c4 16. dxc4 dxc4 17. Bxc4 Qxd2 18. Bd3 Qg5 19. Qc7 Qe5 20. Qb6 Qa5 21. Qe3 Qc7 22. f4 Bd7 23. Kh1 Rad8 24. Ng3 Nb4 25. h4 Nxd3 26. cxd3 f5 27. h5 Bc6 28. Nge2 Qd6 29. Rad1 b5 30. axb5 axb5 31. Qh3 Kg8 32. hxg6 hxg6 33. Ng3 Kf7 34. e5 Qd7 35. Kg1 Rh8 36. Nh5 Rxh5 37. Qg3 Qd4+ 38. Rf2 Rdh8 39. Kf1 Rh1+ 40. Ke2 b4 41. Rxh1 Rxh1 42. Nd1 Ba4 43. Qf3 Bxd1+ 0-1


[Site "https://www.chess.com"]

[Event "Titled Tuesday Blitz March 15 Early 2022"]
[White "Jaskolka, Tomasz"]
[Black "Araujo Filho, Luiz Antonio Coel"]
[WhiteFideId "1170791"]
[BlackFideId "2130661"]
[WhiteElo "2073"]
[BlackElo "2212"]
[Result "1-0"]
[Round "08"]
[TimeControl "180+1"]
[Date "2022.03.15"]
[WhiteClock "0:00:09"]
[BlackClock "0:00:01"]

1. d4 f5 2. e4 fxe4 3. f3 d5 4. Nc3 Nf6 5. Bg5 Bf5 6. Bxf6 exf6 7. fxe4 dxe4 8. Bc4 Nc6 9. Nge2 Qd7 10. O-O O-O-O 11. Kh1 Bg4 12. d5 Ne5 13. Qd4 Nxc4 14. Qxc4 Bxe2 15. Qxe2 Re8 16. Qc4 f5 17. a4 Bd6 18. Nb5 Kb8 19. Qd4 b6 20. c4 Bc5 21. Qc3 a5 22. Nd4 Bxd4 23. Qxd4 g5 24. b4 axb4 25. a5 c5 26. Qf6 b5 27. cxb5 Qxb5 28. a6 b3 29. Rxf5 c4 30. Qd6+ 1-0


[Site "https://www.chess.com"]

[Event "Titled Tuesday Blitz March 15 Early 2022"]
[White "Johnson, Ben"]
[Black "Kanyamarala, Trisha"]
[WhiteFideId "2010917"]
[BlackFideId "45004722"]
[WhiteElo "2230"]
[BlackElo "2047"]
[Result "0-1"]
[Round "08"]
[TimeControl "180+1"]
[Date "2022.03.15"]
[WhiteClock "0:00:02"]
[BlackClock "0:01:02"]

1. Nf3 d5 2. e3 e6 3. c4 b6 4. cxd5 exd5 5. b3 Nf6 6. Bb2 c5 7. d4 cxd4 8. Nxd4 Bb4+ 9. Bc3 Be7 10. Bb5+ Bd7 11. O-O O-O 12. Qd3 a6 13. Bxd7 Qxd7 14. Nf5 Nc6 15. Nxe7+ Qxe7 16. Qf5 Ne4 17. Qxd5 Rac8 18. Bb2 Rfd8 19. Qh5 Nb4 20. Na3 Nd3 21. Nc4 Rxc4 22. bxc4 Nxb2 23. Rac1 Nd2 24. Rc2 Nxf1 25. Rxb2 Nd2 26. Rxb6 g6 27. Qe2 Nxc4 28. Rb1 Ne5 29. h3 Qe6 30. a4 Qf5 31. Rc1 Qd3 32. Qb2 Nc4 33. Qb4 Nd2 0-1


[Site "https://www.chess.com"]